 Dungeon Sprint DCSS version 0.31-a0-700-gf13585253f (webtiles) character file.

Game seed: 13697502611284884712

35 jt the Ruffian (level 3, 0/20 HPs)
             Began as a Vine Stalker Shapeshifter on Sept 7, 2023.
             Drowned by a water elemental (5 damage)
             ... in the Dungeon (Sprint III: "The Ten Rune Challenge").
             The game lasted 00:00:50 (203 turns).

jt the Ruffian (Vine Stalker Shapeshifter)           Turns: 203, Time: 00:00:50

Health: 0/20       AC:  2    Str: 18    XL:     3   Next: 35%
Magic:  0/4        EV: 12    Int: 10    God:
Gold:   22         SH:  0    Dex: 13    Spells: 2/2 levels left

rFire   . .          .
                       - Unarmed
rCold   . . .        (no shield)
rNeg    . . .        a - +0 animal skin
rPois   .            (helmet currently unavailable)
rElec   .            (cloak currently unavailable)
rCorr   .            (gloves currently unavailable)
SInv    .            (boots currently unavailable)
Will    .....        (no amulet)
Stlth   +            (no ring)
HPRegen 1.03/turn    (no ring)
MPRegen 0.09/turn

%: no teleportation, guardian spirit
@: beast-form, engulfed (cannot breathe)
A: beast (slay +2), fangs 2, regeneration 1, magic shield, antimagic bite, no
potion heal 2
a: Begin Untransformation


You were in the Dungeon.
You were a hulking beast.
You visited 1 branch You collected 22 gold pieces.

Inventory:

Armour
 a - a +0 animal skin (worn)
Talismans
 c - a beast talisman (active)
 d - a flux talisman
Scrolls
 h - a scroll of torment
 i - a scroll of blinking
 m - a scroll of immolation
Potions
 b - 6 potions of mutation
 e - a potion of curing
 f - a potion of haste
 g - 2 potions of magic
 j - a potion of resistance {unknown}
 l - 2 potions of enlightenment


   Skills:
 + Level 3.2 Fighting
 - Level 2.0 Dodging
 + Level 4.6 Unarmed Combat
 + Level 4.4 Shapeshifting


You had 2 spell levels left.
You didn't know any spells.
Your spell library contained the following spells:

 Spells                   Type           Power      Damage    Failure   Level
 Summon Small Mammal      Summ           0%         N/A       36%         1
 Call Canine Familiar     Summ           0%         N/A       75%         3
 Summon Guardian Golem    Hex/Summ       0%         N/A       75%         3


Dungeon Overview and Level Annotations

Branches:
Dungeon (1/1)

Altars:


Innate Abilities, Weirdness & Mutations

You are a hulking beast.
Your limbs bulge with bestial killing power. (Slay +2)
You have extremely sharp teeth.
Your natural rate of healing is unusually fast.
When hurt, damage is shared between your health and your magic reserves.
Your bite disrupts and absorbs the magic of your enemies.
Potions cannot restore your health.


Message History

There is an open door here.
You now have 12 gold pieces.
b - a potion of mutation;
h - a scroll labelled YVU QOATHRYIR
k - 2 scrolls of identify;
b - 3 potions of mutation (gained 2)
l - an inky potion
b - 4 potions of mutation (gained 1);
m - a scroll labelled MIWOZIGGEU
k - 3 scrolls of identify (gained 1);
b - 6 potions of mutation (gained 2)
l - 2 inky potions (gained 1)
You now have 22 gold pieces (gained 10).
There is an open door here.
As you read the scroll of identify, it crumbles to dust.
h - a scroll of torment
As you read the scroll of identify, it crumbles to dust.
l - 2 potions of enlightenment
As you read the scroll of identify, it crumbles to dust.
m - a scroll of immolation As you open the door, it creaks loudly!
A water elemental comes into view.
You hit the water elemental.
The water elemental is lightly damaged.
The water elemental barely misses you.
You closely miss the water elemental.
The water elemental is lightly damaged.
The water elemental misses you.
You hit the water elemental. Your bite misses the water elemental.
The water elemental is moderately damaged.
The water elemental barely misses you.
You hit the water elemental.
The water elemental is heavily damaged.
The water elemental hits you!
Ouch! That really hurt!
The water elemental engulfs you in water!
You hit the water elemental.
The water elemental is severely damaged.
* * * LOW HITPOINT WARNING * * *
Your lungs strain for air!
The water elemental hits you.
You punch the water elemental!
The water elemental is almost destroyed.
You die...

▓▓▓▓▓▓▓▓ ▓▓▓ <..#...####
##.# ...#......#####..#
..##...†...#..#..#
##.##.##...#..#..###+#+#
##.##.###..##'#..#......
#.####.##..###..hE.⌠....
.###..##.†####...#...###
#.....##..###....# ⌠.#
###..##...##.....# .#
##..##....#......# #
#..###..##.#..†..# #..#
#..#####....# ▓▓▓▓ ▓▓▓▓
▓▓▓▓▓▓


You could see a water elemental.

Vanquished Creatures
  A human (D)
  A wolf (D)
  An endoplasm (D)
  3 rats (D)
6 creatures vanquished.

Notes
Turn   | Place    | Note
-------+----------+-------------------------------------------
     0 | D        | jt the Vine Stalker Shapeshifter began the quest for the
                  | Orb.
     0 | D        | Reached XP level 1. HP: 9/9 MP: 2/2
    11 | D        | Reached skill level 1 in Fighting
    73 | D        | Reached XP level 2. HP: 16/16 MP: 3/3
   134 | D        | Reached XP level 3. HP: 17/20 MP: 1/4
   197 | D        | Noticed a water elemental
   203 | D        | Drowned by a water elemental

Illustrated notes

Levels and vault maps discovered:
D:        dungeon_sprint_mu [sprint_mu_entry_cave, sprint_mu_temple_rooms,
          sprint_mu_d1_spiders, sprint_mu_d2_genie, sprint_mu_d3_branching,
          sprint_mu_orc_legion, sprint_mu_elf_gauntlet, sprint_mu_hive_nellie,
          sprint_mu_lair_fedhas, sprint_mu_vaults_butterflies,
          sprint_mu_slime_circle, sprint_mu_shoals_archi,
          sprint_mu_snake_twists, sprint_mu_blade_basic,
          sprint_mu_crypt_chambers, sprint_mu_tomb_spiral,
          sprint_mu_vestibule_basic, sprint_mu_gehenna_hellfire,
          sprint_mu_dis_giant, sprint_mu_tartarus_statrot,
          sprint_mu_cocytus_islands, sprint_mu_zot1]

Skill      XL: |  1  2 |
---------------+-------+-----
Fighting       | 2 3 |  3.2
Dodging        | 2 |  2.0
Unarmed Combat | 4 |  4.6
Shapeshifting  | 4 |  4.4

Action                     || total
---------------------------++-------
  Melee: Unarmed           ||    19
         Bite              ||     4
         Punch             ||     1
    Use: Potion            ||     2
         Scroll            ||     3
   Stab: Sleeping          ||     1
 Armour: Animal skin       ||     6
         Skin              ||     2
  Dodge: Dodged            ||     8

Table legend: (Time is in decaauts)
 A = Elapsed time spent in this place.
 B = Non-inter-level travel time spent in this place.
 C = Inter-level travel time spent in this place.
 D = Time resting spent in this place.
 E = Time spent auto-exploring this place.
 F = Levels seen in this place.
 G = Mean time per level.
                   A        B        C        D        E       F      G
               +--------+--------+--------+--------+--------+-----+--------+
         Total |    212 |    212 |      0 |     99 |     17 |   1 |  212.0 |
       Dungeon |    212 |    212 |      0 |     99 |     17 |   1 |  212.0 |
               +--------+--------+--------+--------+--------+-----+--------+

Top non-repeatable levels by time:
       D: 212 daAuts
